 Dungeon Crawl Stone Soup version 0.22-a0-305-gd21a89c (webtiles) character file.

83 Sergey the Skirmisher (level 4, -4/37 HPs)
             Began as a Merfolk Abyssal Knight on Mar 30, 2018.
             Was a Follower of Lugonu.
             Slain by an iguana (12 damage)
             ... on level 3 of the Dungeon.
             The game lasted 00:07:25 (960 turns).

Sergey the Skirmisher (Merfolk Abyssal Knight)       Turns: 960, Time: 00:07:26

Health: -4/37      AC:  6    Str:  9 (12) XL:     4   Next: 44%
Magic:  6/6        EV: 11    Int: 10 (12) God:    Lugonu [*.....]
Gold:   96         SH:  0    Dex: 12 (13) Spells: 3/3 levels left

rFire    . . .     SeeInvis .     - Unarmed
rCold    . . .     Gourm    .   (no shield)
rNeg     . . .     Faith    .   f - +0 ring mail
rPois    .         Spirit   .   i - +0 helmet (curse)
rElec    .         Reflect  .   (no cloak)
rCorr    .         Harm     .   (no gloves)
MR       .....                  (no boots)
Stlth    +.........             (no amulet)
HPRegen  0.12/turn              (no ring)
MPRegen  0.10/turn              (no ring)

@: no status effects
A: change form in water, swift swim, stealthy swim
a: Depart the Abyss, Renounce Religion


You were on level 3 of the Dungeon.
You worshipped Lugonu.
Lugonu was aware of your devotion.
You were hungry.

You visited 1 branch of the dungeon, and saw 4 of its levels.
You visited the Abyss 1 time.

You collected 96 gold pieces.

Inventory:

Missiles
 d - 15 bolts
 r - 5 tomahawks (quivered)
Armour
 a - a +0 leather armour
 f - a +0 ring mail (worn)
 i - a cursed +0 helmet (worn)
 t - a +0 pair of gloves
Jewellery
 n - an uncursed ring of fire
 o - an uncursed amulet of regeneration {unknown}
Scrolls
 c - 2 scrolls of magic mapping {unknown}
 h - 2 scrolls of immolation {unknown}
 j - a scroll of random uselessness {unknown}
 m - a scroll of teleportation {unknown}
 p - 2 scrolls of amnesia {unknown}
 q - a scroll of enchant armour {unknown}
Potions
 g - a potion of degeneration
Comestibles
 b - 4 rations
 k - a chunk of flesh


   Skills:
 + Level 3.9 Fighting
 - Level 0.6 Armour
 + Level 3.5 Dodging
 * Level 3.5 Unarmed Combat
 + Level 2.8 Invocations


You had 3 spell levels left.
You didn't know any spells.

Dungeon Overview and Level Annotations

Branches:
Dungeon (4/15)
 Temple: D:4-7

Altars:
Dithmenos
Kikubaaqudgha
Trog
Vehumet


Message History

The iguana is severely wounded.
The iguana closely misses you.
You barely miss the iguana.
The iguana is severely wounded.
The iguana completely misses you.
You barely miss the iguana.
The iguana is severely wounded.
The iguana barely misses you.
You closely miss the iguana.
The iguana is severely wounded.
The iguana closely misses you.
You barely miss the iguana.
The iguana is severely wounded.
You barely miss the iguana.
The iguana is severely wounded.
The iguana closely misses you.
You hit the iguana but do no damage.
The iguana is severely wounded.
The iguana bites you!
You die...

... ... (...#######g# #.
..
........<#..####.###.###
...........g...........##
......#.....###.........#
.......##[.# #..........
###....s...###..........
###...##.......l......
###..# ####..@......#
#####....# ###..........
#).)..#...###............
..#####..................
### ###.###............
#.###..†...####..
#........#..# . ....... #
#####.......... .........#
#
#....##..................#


You could see an iguana.

Vanquished Creatures
  Jessica (D:3)
  An adder (D:2)
  An ooze (D:2)
  An adder skeleton (D:4)
  A leopard gecko (D:1)
  An orc (D:3)
  3 giant cockroaches
  3 goblins
  4 hobgoblins
  3 jackals (D:3)
  4 kobolds
  A quokka (D:2)
  A ball python (D:1)
  6 bats
  2 frilled lizards
  4 rats
37 creatures vanquished.

Notes
Turn   | Place    | Note
-------+----------+-------------------------------------------
     0 | Abyss:1  | Sergey the Merfolk Abyssal Knight began the quest for the Orb.
     0 | Abyss:1  | Reached XP level 1. HP: 18/18 MP: 2/2
     2 | D:1      | Escaped the Abyss
   146 | D:1      | Reached * piety under Lugonu
   146 | D:1      | Reached XP level 2. HP: 16/24 MP: 3/3
   390 | D:2      | Found a bloodstained altar of Trog.
   434 | D:3      | Reached XP level 3. HP: 19/29 MP: 4/4
   554 | D:1      | You fall through a shaft!
   705 | D:3      | Noticed Jessica
   728 | D:3      | Killed Jessica
   728 | D:3      | Reached XP level 4. HP: 3/37 MP: 4/6
   826 | D:4      | Found a radiant altar of Vehumet.
   826 | D:4      | Found a shadowy altar of Dithmenos.
   831 | D:4      | Found a faded altar of an unknown god.
   833 | D:4      | Found an ancient bone altar of Kikubaaqudgha.
   834 | D:4      | Found a faded altar of an unknown god.
   871 | D:4      | Noticed an ogre
   960 | D:3      | Slain by an iguana

Vault maps used:
D:1:      onia_arrival_pyramid, minivault_23
D:2:      nicolae_overflow_crystal_walls
D:3:      first_ration, uniq_jessica, uniq_sigmund
D:4:      chequers_temple_overflow_minitemple, uniq_eustachio

Skill      XL: |  1  2  3 |
---------------+----------+-----
Dodging        | 3 |  3.5
Unarmed Combat | 3 |  3.5
Fighting       | |  3.9
Armour         | |  0.6
Invocations    | |  2.8

Action                   |  1- 3 |  4- 6 || total
-------------------------+-------+-------++-------
Melee: Unarmed           |   172 |    28 ||   200
       Punch             |     6 |       ||     6
Invok: Depart the Abyss  |     1 |       ||     1
  Use: Potion            |     2 |     3 ||     5
Armor: Ring mail         |    54 |     8 ||    62
       Leather armour    |     3 |       ||     3
Dodge: Dodged            |    97 |    16 ||   113

Table legend:
 A = Spawn XP
 B = Non-spawn XP
 C = Spawn XP percentage of total XP
 D = Spawn monster count
 E = Non-spawn monster count
 F = Spawn count percentage of total count
 G = Total turns spent on level
                    A         B        C        D         E        F      G
               +---------+---------+-------+---------+---------+-------+---------
         Total |       0 |     119 |   0.0 |       0 |      37 |   0.0 |   960
               +---------+---------+-------+---------+---------+-------+---------
           D:1 |       0 |      23 |   0.0 |       0 |      14 |   0.0 |   400
           D:2 |       0 |      37 |   0.0 |       0 |      11 |   0.0 |   214
           D:3 |       0 |      53 |   0.0 |       0 |      10 |   0.0 |   178
           D:4 |       0 |       6 |   0.0 |       0 |       2 |   0.0 |   166
               +---------+---------+-------+---------+---------+-------+---------
